 Dungeon Crawl Stone Soup version 0.27.1-34-g3ba077fa99 (webtiles) character file.

Game seed: 4348296828800253850

135 LiliTe the Chopper (level 4, 0/41 HPs)
             Began as a Minotaur Berserker on Jan 9, 2022.
             Was a Believer of Trog.
             Slain by a gnoll (5 damage)
             ... on level 5 of the Dungeon.
             The game lasted 00:19:30 (1585 turns).

LiliTe the Chopper (Minotaur Berserker)             Turns: 1585, Time: 00:19:34

Health: 0/41       AC:  6    Str: 23    XL:     4   Next: 96%
Magic:  3/3        EV: 11    Int:  4    God:    Trog [**....]
Gold:   92         SH:  0    Dex:  9    Spells: 3/3 levels left

rFire    . . .     SeeInvis .   a - +0 hand axe
rCold    . . .     Faith    .   (no shield)
rNeg     . . .     Spirit   .   d - +0 ring mail
rPois    .         Reflect  .   (helmet restricted)
rElec    .         Harm     .   (no cloak)
rCorr    .         Rampage  .   f - +0 pair of gloves
Will     .....                  (no boots)
Stlth    ..........             (no amulet)
HPRegen  0.13/turn              (no ring)
MPRegen  0.08/turn              (no ring)

@: mighty, on berserk cooldown, slowed, very slow
A: horns 2, retaliatory headbutt
a: Renounce Religion, Berserk, Trog's Hand


You were on level 5 of the Dungeon.
You worshipped Trog.
Trog was pleased with you.
You visited 1 branch of the dungeon, and saw 5 of its levels.

You collected 191 gold pieces.
You spent 99 gold pieces at shops.

Inventory:

Hand Weapons
 a - a +0 hand axe (weapon)
Missiles
 e - 88 stones
 g - 3 boomerangs (quivered)
 k - 27 sling bullets
Armour
 d - a +0 ring mail (worn)
 f - a +0 pair of gloves (worn)
 o - a +1 leather armour of cold resistance
Wands
 i - a wand of iceblast (8)
Scrolls
 c - 2 scrolls of noise
 h - a scroll of immolation {unknown}
 j - 2 scrolls of identify {unknown}
 l - a scroll of fear {unknown}
 p - a scroll of teleportation {unknown}
Potions
 b - 2 potions of curing {unknown}


   Skills:
 + Level 4.6 Fighting
 + Level 5.3 Axes
 + Level 0.1 Throwing
 * Level 3.0 Armour
 + Level 3.0 Dodging
 + Level 0.3 Stealth


You had 3 spell levels left.
You didn't know any spells.
Your spell library contained the following spells:

 Spells                   Type           Power      Damage    Failure   Level
 Conjure Flame            Conj/Fire      0%         6-21      95%         3
 Ignite Poison            Fire/Tmut/Pois 0%         N/A       95%         3
 Sticky Flame             Conj/Fire      0%         2d3       100%        4


Dungeon Overview and Level Annotations

Branches:
Dungeon (5/15)
 Temple: D:4-7

Altars:

Shops:
D:4 !


Innate Abilities, Weirdness & Mutations

You have a pair of horns on your head.
You reflexively headbutt those who attack you in melee.


Message History

The magic dart hits you!
You bump into the rock wall.
The gnoll hits you with a +0 club.
* * * LOW HITPOINT WARNING * * *
You hit the gnoll.
The gnoll is heavily wounded.
You closely miss something.
You are no longer berserk.
You are exhausted.
You feel yourself slow down. Something hits you.
* * * LOW HITPOINT WARNING * * *
You feel much better.
You hear some strange, mumbled words.
A puff of flame appears from out of thin air!
The puff of flame hits you!
A gnoll comes into view. It is wielding a +0 club.
Press: ? - help, v - describe, . - travel
Here: a gnoll shaman, wielding a +0 club and wearing a +0 robe The floor.
You feel very mighty all of a sudden.
You feel less confused.
You hear some strange, mumbled words.
A magic dart appears from out of thin air!
The magic dart hits you but does no damage.
You hear some strange, mumbled words.
A magic dart appears from out of thin air!
The magic dart hits you.
* * * LOW HITPOINT WARNING * * *
You slash the gnoll shaman!
The gnoll shaman is heavily wounded.
You miss something.
The gnoll shaman hits you with a +0 club.
* * * LOW HITPOINT WARNING * * *
You hear some strange, mumbled words.
A magic dart appears from out of thin air!
The magic dart hits you.
* * * LOW HITPOINT WARNING * * *
The gnoll hits you with a +0 club.
* * * LOW HITPOINT WARNING * * *
The gnoll shaman closely misses you.
The gnoll hits you from afar with a +0 halberd.
You die...

..>.....#
#........#
#........########
#).............<#
.............(.#
........########
.#+#....#
#..g{###.#
###@ggggg#
########


You could see a gnoll shaman and 5 gnolls.

Vanquished Creatures
  2 orc priests (D:4)
  2 adders
  An ufetubus (D:2)
  3 dart slugs
  7 orcs
  2 ball pythons (D:2)
  4 endoplasms
  A giant cockroach (D:2)
  3 goblins
  3 hobgoblins (D:2)
  5 kobolds
  A quokka (D:3)
  A bat (D:2)
  A frilled lizard (D:3)
  4 rats
40 creatures vanquished.

Vanquished Creatures (others)
  4 toadstools (D:2)
4 creatures vanquished.

Grand Total: 44 creatures vanquished

Notes
Turn   | Place    | Note
-------+----------+-------------------------------------------
     0 | D:1      | LiliTe the Minotaur Berserker began the quest for the Orb.
     0 | D:1      | Reached XP level 1. HP: 19/19 MP: 0/0
    18 | D:2      | Reached XP level 2. HP: 13/27 MP: 1/1
   295 | D:2      | Reached skill level 4 in Axes
   568 | D:2      | Reached XP level 3. HP: 32/33 MP: 2/2
  1080 | D:4      | Found Muned's Distillery.
  1088 | D:4      | Bought a potion of heal wounds for 55 gold pieces
  1088 | D:4      | Bought a potion of might for 44 gold pieces
  1192 | D:4      | Reached skill level 5 in Axes
  1192 | D:4      | Reached XP level 4. HP: 32/41 MP: 3/3
  1193 | D:4      | Reached ** piety under Trog
  1520 | D:4      | Noticed a black bear
  1558 | D:5      | Entered Level 5 of the Dungeon
  1585 | D:5      | Slain by a gnoll

Illustrated notes

Levels and vault maps discovered:
D:1:      lightli_molten_gateway, layout_loops_ring,
          chequers_ecumenical_altar_grove, chequers_serial_rivers_room_b,
          kennysheep_decorative_pillar
D:2:      layout_rooms, minmay_gold_behind_fungi, minmay_hexomino_u4
D:3:      layout_rooms
D:4:      layout_loops_ring, nicolae_overflow_crystal_walls,
          cheibriados_altar_1, serial_shops, nicolae_shop_stone,
          dk_rats_in_the_wall
D:5:      layout_basic, grunt_temple_overflow_bloody_war,
          nicolae_dithmenos_through_a_glass_darkly

Skill      XL: |  1  2  3  4 |
---------------+-------------+-----
Fighting       | 4 |  4.6
Axes           | 4 5 |  5.3
Dodging        | 3 |  3.0
Armour         | 3 |  3.0
Throwing       | |  0.1
Stealth        | |  0.3

Action                   |  1- 3 |  4- 6 || total
-------------------------+-------+-------++-------
Melee: Hand axe          |    58 |    31 ||    89
       Headbutt          |    12 |     6 ||    18
Throw: Stone             |     5 |     1 ||     6
       Boomerang         |       |     5 ||     5
Invok: Berserk           |     3 |     1 ||     4
       Trog's Hand       |       |     1 ||     1
  Use: Potion            |       |     2 ||     2
       Scroll            |       |     1 ||     1
 Stab: Sleeping          |     1 |       ||     1
Armor: Animal skin       |     1 |       ||     1
       Ring mail         |    11 |    12 ||    23
Dodge: Dodged            |    38 |    13 ||    51
